 Dungeon Crawl Stone Soup version 0.21-a0-153-g78480df (webtiles) character file.

89 grisnicke the Skirmisher (level 4, 0/41 HPs)
             Began as a Hill Orc Arcane Marksman on July 31, 2017.
             Slain by a hobgoblin
             ... wielding a +0 club
              (6 damage)
             ... on level 1 of the Dungeon.
             The game lasted 00:16:22 (5206 turns).

grisnicke the Skirmisher (Hill Orc Arcane Marksman) Turns: 5206, Time: 00:16:23

Health: 0/41       AC:  4    Str: 13    XL:     4   Next: 55%
Magic:  5/5        EV: 11    Int: 13    God:
Gold:   95         SH:  0    Dex: 11    Spells: 4/5 levels left

rFire    . . .     SeeInvis .   g - -2 club (curse)
rCold    . . .     Gourm    .   (no shield)
rNeg     . . .     Faith    .   m - +1 leather armour
rPois    .         Spirit   .   (no helmet)
rElec    .         Reflect  .   (no cloak)
rCorr    .         Harm     .   (no gloves)
MR       .....                  (no boots)
Stlth    +.........             (no amulet)
HPRegen  0.13/turn              (no ring)
MPRegen  0.09/turn              (no ring)

@: heavily drained
A: no striking features
a: no special abilities


You were on level 1 of the Dungeon.
You were not hungry.

You visited 1 branch of the dungeon, and saw 2 of its levels.

You collected 95 gold pieces.

Inventory:

Hand Weapons
 a - a +0 hand crossbow
 g - a cursed -2 club (weapon)
   (You took it off a hobgoblin on level 1 of the Dungeon)
 h - a +0 club
   (You took it off a goblin on level 1 of the Dungeon)
 j - a +0 dagger of venom
   (You took it off a kobold on level 1 of the Dungeon)
 n - a +0 dagger of draining
   (You found it on level 2 of the Dungeon)
 p - a +1 antimagic dagger
   (You took it off a kobold on level 1 of the Dungeon)
Missiles
 d - 90 bolts
 k - 6 stones (quivered)
Armour
 m - a +1 leather armour (worn)
   (You found it on level 2 of the Dungeon)
Wands
 f - a wand of enslavement (1/24)
   (You found it on level 2 of the Dungeon)
Scrolls
 l - a scroll of enchant armour
Potions
 b - 3 potions of lignification {!q}
Books
 c - a book of Debilitation
Comestibles
 i - a meat ration {@e2}
 o - 2 chunks of flesh {@w0}


   Skills:
 + Level 4.4(3.2) Fighting
 - Level 1.7(0.6) Crossbows
 - Level 1.5(0.4) Dodging
 - Level 1.0(0.0) Spellcasting
 - Level 3.0(1.8) Hexes
 + Level 1.8(0.7) Evocations


You had 4 spell levels left.
You knew the following spells:

 Your Spells              Type           Power        Failure   Level  Hunger
v - Corona                Hex            #......      19%         1    ##.....


Dungeon Overview and Level Annotations

Branches:
Dungeon (2/15)

Altars:


Message History

A jackal comes into view.
You barely miss the jackal.
The jackal barks!
The jackal bites you but does no damage.
The jackal closely misses you.
You hit the jackal but do no damage. The jackal barely misses you.
The jackal bites you but does no damage.
You hit the jackal but do no damage. The jackal barely misses you.
You hit the jackal but do no damage.
The jackal bites you but does no damage.
The jackal closely misses you.
You hit the jackal. The jackal closely misses you. x2
You hit the jackal. The jackal bites you.
* * * LOW HITPOINT WARNING * * *
The jackal barely misses you.
You take 2 damage, and have 12/41 hp.
Aim: a jackal (almost dead, chance to defeat MR: 65%)
Okay, then.
You hit the jackal.
You kill the jackal!
Aim: a jackal (chance to defeat MR: 65%)
The jackal is charmed.
This wand has 1 charge left.
The jackal barely misses your jackal. What are your orders? t - Shout!
Orders for allies: a - Attack new target. p - Attack previous target. r - Retreat! s - Stop attacking. g - Guard the area. f - Follow me.
Anything else - Cancel.
Gang up on whom?
Aim: a jackal Attack!
The jackal bites your jackal.
Your jackal bites the jackal.
The jackal bites your jackal.
Your jackal bites the jackal.
The jackal bites your jackal.
Your jackal dies!
You hit the jackal but do no damage. The jackal bites you.
* * * LOW HITPOINT WARNING * * *
The jackal barely misses you.
You take 3 damage, and have 10/41 hp.
You hit the jackal but do no damage. The jackal bites you.
* * * LOW HITPOINT WARNING * * *
The jackal bites you but does no damage.
You take 2 damage, and have 8/41 hp.
You hit the jackal but do no damage. The jackal bites you.
* * * LOW HITPOINT WARNING * * *
The jackal closely misses you.
You take 3 damage, and have 5/41 hp.
You hit the jackal.
You kill the jackal!
Unknown command.
You see here a jackal corpse.
You butcher the jackal corpse.
o - 2 chunks of flesh {@w0} You see here a jackal skeleton.
(D) Dungeon
Where to? (Enter - D:1 @ (x,y), ? - help)
A hobgoblin comes into view. It is wielding a club.
The hobgoblin shouts!
You see here a jackal skeleton.
You see here a club.
A bat comes into view.
There is an open door here.
The bat hits you.
* * * LOW HITPOINT WARNING * * *
You take 1 damage, and have 8/41 hp.
The bat closely misses you. The bat hits you but does no damage.
The bat hits you but does no damage.
There is an open door here.
You closely miss the bat. The bat barely misses you.
The bat hits you but does no damage.
You closely miss the bat. The bat barely misses you.
The bat hits you but does no damage.
You hit the bat but do no damage. The bat hits you but does no damage. x2
The bat closely misses you.
You miss the bat. The bat barely misses you.
The hobgoblin hits you but does no damage.
You closely miss the hobgoblin. The hobgoblin hits you with a club.
* * * LOW HITPOINT WARNING * * *
You closely miss the hobgoblin. The hobgoblin closely misses you.
Okay, then.
You completely miss the hobgoblin. The hobgoblin barely misses you.
You closely miss the hobgoblin. The hobgoblin misses you.
You closely miss the hobgoblin. The hobgoblin barely misses you.
The hobgoblin misses you.
You barely miss the hobgoblin.
The hobgoblin hits you but does no damage.
You barely miss the hobgoblin. The hobgoblin closely misses you.
You barely miss the hobgoblin. The hobgoblin hits you with a club.
* * * LOW HITPOINT WARNING * * *
You take 5 damage, and have 5/41 hp.
You hit the hobgoblin but do no damage. The hobgoblin misses you.
You hit the hobgoblin but do no damage.
The hobgoblin hits you but does no damage.
The hobgoblin barely misses you.
You hit the hobgoblin. The hobgoblin barely misses you.
You hit the hobgoblin but do no damage.
The hobgoblin hits you but does no damage.
You hit the hobgoblin. The hobgoblin hits you with a club.
You die...

#..'..<.'..# ##..'....'..##
########...'....'...## #
#.....##.#.''''''.##.##### #
#.###.##.#........##.....# # #.#
#.##........####.###.# #
#.###.##.###..#####.## #.# #
#.##...........###.## #รท# #
#......#.####@#...## #g# #
####.#.#.# #g##### #.# # #.#.#.#
##b## #.# # #.#.#.###...## #)# #
##.....##.....## ##.# #
##.##.#.#.......## ###g.##
##...#.#..........###...).####
#.................'...........
#####...#.#..........###.....####


You could see a hobgoblin and a bat.

Vanquished Creatures
  2 adders (D:2)
  4 dart slugs (D:1)
  4 giant cockroaches
  9 hobgoblins
  8 jackals
  8 kobolds (D:1)
  4 bats
  3 frilled lizards
  6 goblins
  4 rats (D:1)
52 creatures vanquished.

Vanquished Creatures (collateral kills)
  A hobgoblin (D:2)
  2 jackals
  A kobold (D:1)
  A rat (D:1)
5 creatures vanquished.

Vanquished Creatures (others)
  A goblin (D:2)
  A hobgoblin (D:1)
  5 jackals
  A kobold (D:1)
8 creatures vanquished.

Grand Total: 65 creatures vanquished

Notes
Turn   | Place    | Note
-------+----------+-------------------------------------------
     0 | D:1      | grisnicke the Hill Orc Arcane Marksman began the quest for the Orb.
     0 | D:1      | Reached XP level 1. HP: 16/16 MP: 2/2
   157 | D:1      | Reached skill level 2 in Fighting
   174 | D:1      | HP: 4/17 [rat (2)]
   475 | D:1      | Reached XP level 2. HP: 16/25 MP: 1/3
  1481 | D:1      | HP: 5/25 [hobgoblin/club (4)]
  1775 | D:1      | Reached skill level 3 in Fighting
  2376 | D:1      | Reached XP level 3. HP: 24/31 MP: 2/4
  3429 | D:2      | Reached skill level 1 in Evocations
  3985 | D:1      | Reached skill level 4 in Fighting
  3985 | D:1      | Reached XP level 4. HP: 14/40 MP: 5/5
  4747 | D:2      | HP: 5/40 [worm (9)]
  5015 | D:2      | HP: 10/41 [poisoned by an adder]
  5023 | D:2      | HP: 9/41 [poisoned by an adder]
  5119 | D:2      | HP: 10/41 [kobold (2)]
  5151 | D:1      | HP: 10/41 [jackal (3)]
  5183 | D:1      | HP: 8/41 [bat (1)]
  5194 | D:1      | HP: 9/41 [hobgoblin/club (1)]
  5201 | D:1      | HP: 5/41 [hobgoblin/club (5)]
  5206 | D:1      | Slain by a hobgoblin

Vault maps used:
D:1:      lightli_arrival_maybe_door_vault, minmay_hexomino_f4

Skill      XL: |  1  2  3 |
---------------+----------+-----
Fighting       | 2 3 4 |  4.4
Evocations     | 1 |  1.8
Crossbows      | |  1.7
Dodging        | |  1.5
Spellcasting   | |  1.0
Hexes          | |  3.0

Action                   |  1- 3 |  4- 6 || total
-------------------------+-------+-------++-------
Melee: Club              |   326 |   198 ||   524
 Fire: Hand crossbow     |     9 |       ||     9
Throw: Stone             |     3 |     3 ||     6
 Cast: Corona            |    38 |       ||    38
Evoke: Wand              |    15 |     1 ||    16
  Use: Scroll            |     4 |     1 ||     5
       Potion            |     2 |       ||     2
 Stab: Sleeping          |     1 |       ||     1
  Eat: Chunk             |     7 |     5 ||    12
       Bread ration      |     1 |       ||     1
Armor: Robe              |    47 |       ||    47
       Leather armour    |    47 |    71 ||   118
Dodge: Dodged            |   253 |   139 ||   392

Vault maps used:
D:1:      lightli_arrival_maybe_door_vault, minmay_hexomino_f4

Table legend:
 A = Turns spent in this place as a percentage of turns spent in the entire game.
 B = Non-inter-level travel turns spent in this place as a percentage of non-inter-level travel turns spent in the entire game.
 C = Inter-level travel turns spent in this place as a percentage of turns spent in this place.
 D = Turns resting spent in this place as a percentage of non-inter-level travel turns spent in this place.
 E = Turns spent auto-exploring this place as a percentage of non-inter-level travel turns spent in this place.
 F = Non-inter-level travel turns spent in this place divided by the number of levels of this place that you've seen.
                   A       B       C       D       E      F
               +-------+-------+-------+-------+-------+----------------------
         Total | 100.0 | 100.0 |   0.4 |   4.9 |   2.6 | 698.5
       Dungeon | 100.0 | 100.0 |   0.4 |   4.9 |   2.6 | 698.5
               +-------+-------+-------+-------+-------+----------------------

Table legend:
 A = Kills in this place as a percentage of kills in entire the game.
 B = Kills by you in this place as a percentage of kills by you in the entire game.
 C = Kills by friends in this place as a percentage of kills by friends in the entire game.
 D = Other kills in this place as a percentage of other kills in the entire game.
 E = Experience gained in this place as a percentage of experience gained in the entire game.
 F = Experience gained in this place divided by the number of levels of this place that you have seen.
                   A       B       C       D       E      F
               +-------+-------+-------+-------+-------+----------------------
         Total | 100.0 | 100.0 | 100.0 | 100.0 | 100.0 |  64.0
       Dungeon | 100.0 | 100.0 | 100.0 | 100.0 | 100.0 |  64.0
               +-------+-------+-------+-------+-------+----------------------
